 Dungeon Crawl Stone Soup version 0.26-a0-540-g8a0c9464d7 (webtiles) character file.

Game seed: 4074795081769016585

58 pk666 the Magician (level 3, -6/19 HPs)
             Began as a Deep Elf Hedge Wizard on Aug 15, 2020.
             Mangled by an iguana (12 damage)
             ... on level 2 of the Dungeon.
             The game lasted 00:01:52 (1581 turns).

pk666 the Magician (Deep Elf Hedge Wizard)          Turns: 1581, Time: 00:01:52

Health: -6/19      AC:  2    Str:  7    XL:     3   Next: 75%
Magic:  1/11       EV: 10    Int: 19    God:
Gold:   122        SH:  0    Dex: 14    Spells: 1/12 levels left

rFire    . . .     SeeInvis .   a - +0 dagger
rCold    . . .     Faith    .   (no shield)
rNeg     . . .     Spirit   .   b - +0 robe
rPois    .         Reflect  .   c - +0 hat
rElec    .         Harm     .   (no cloak)
rCorr    .                      (no gloves)
MR       .....                  (no boots)
Stlth    ++........             (no amulet)
HPRegen  0.06/turn              (no ring)
MPRegen  0.12/turn              (no ring)

@: very slightly contaminated, constricted
A: no striking features
a: no special abilities


You were on level 2 of the Dungeon.
You visited 1 branch of the dungeon, and saw 2 of its levels.

You collected 122 gold pieces.

Inventory:

Hand Weapons
 a - a +0 dagger (weapon)
Armour
 b - a +0 robe (worn)
 c - a +0 hat (worn)
Scrolls
 d - a scroll of identify {unknown}
 e - a scroll of enchant weapon {unknown}
 f - a scroll of teleportation {unknown}
 g - a scroll of fear {unknown}
 h - a scroll of random uselessness {unknown}
 j - a scroll of fog {unknown}
Potions
 i - a potion of stabbing {unknown}
 k - a potion of might {unknown}


   Skills:
 - Level 2.4 Dodging
 - Level 2.4 Stealth
 + Level 5.2 Spellcasting
 + Level 2.4 Conjurations
 + Level 1.3 Summonings
 + Level 1.9 Translocations
 + Level 0.2 Fire Magic
 + Level 0.4 Air Magic
 + Level 0.4 Poison Magic


You had one spell level left.
You knew the following spells:

 Your Spells              Type           Power        Failure   Level
a - Magic Dart            Conj           ##..         4%          1
b - Blink                 Tloc           N/A          9%          2
c - Conjure Flame         Conj/Fire      #.......     22%         3
d - Mephitic Cloud        Conj/Pois/Air  #.......     22%         3
e - Call Imp              Summ           ##......     11%         2

Your spell library contained the following spells:

 Spells                   Type           Power        Failure   Level
 Slow                     Hex            #.......     19%         2


Dungeon Overview and Level Annotations

Branches:
Dungeon (2/15)

Altars:


Message History

Aiming: Magic Dart (safe; 4% risk of failure)
Press: ? - help, Shift-Dir - straight line, f/p - iguana
Aim: an iguana (almost dead)
You miscast Magic Dart.
You are very lightly contaminated with residual magic.
Nothing appears to happen.
The ball python bites you but does no damage.
The ball python constricts you. The iguana misses you.
Unknown command.
Casting: Magic Dart (safe; 4% risk of failure)
Confirm with . or Enter, or press ? or * to list all spells.
Aiming: Magic Dart (safe; 4% risk of failure)
Press: ? - help, Shift-Dir - straight line, f/p - iguana
Aim: an iguana (almost dead)
The magic dart hits the iguana.
The iguana is almost dead.
The ball python bites you. The ball python constricts you.
The iguana bites you!
Ouch! That really hurt!
You die...

###.#......>÷.
#...#
#......)......
#...#
#.#.#.#.#.####
#...# #.#.#...###
#...###.#.#.###
#..(..#.#.#...#
#...#.#.#.###.# ###
#.Sl#.#÷#.###.# #.#
####@....#.#...#
#.#
#......###.....#
#.# ##..[...#
###...# #.#
#.......# #...# #.#
#......## #...#
#.###### #......#
##### ###..<...#
#......#
.........###......#
......÷....#......#


You could see an iguana and a ball python.

Vanquished Creatures
  3 adders (D:2)
  A leopard gecko (D:2)
  4 bats
  2 giant cockroaches
  3 hobgoblins (D:1)
  4 jackals (D:2)
  A ball python (D:1)
  2 frilled lizards (D:1)
  4 goblins
  3 kobolds
  2 rats
29 creatures vanquished.

Notes
Turn   | Place    | Note
-------+----------+-------------------------------------------
     0 | D:1      | pk666 the Deep Elf Hedge Wizard began the quest for the
                  | Orb.
     0 | D:1      | Reached XP level 1. HP: 10/10 MP: 7/7
   440 | D:1      | Reached XP level 2. HP: 15/15 MP: 7/9
   444 | D:1      | Learned a level 2 spell: Blink
   922 | D:2      | Reached skill level 5 in Spellcasting
   972 | D:2      | Reached XP level 3. HP: 17/19 MP: 4/11
   981 | D:2      | Learned a level 3 spell: Conjure Flame
   985 | D:2      | Learned a level 3 spell: Mephitic Cloud
   988 | D:2      | Learned a level 2 spell: Call Imp
  1581 | D:2      | Mangled by an iguana

Illustrated notes

Levels and vault maps discovered:
D:1:      lemuel_arrival_behind_the_door_small, layout_rooms
D:2:      layout_basic, lemuel_zombie_altar_yredelemnul

Skill      XL: |  1  2 |
---------------+-------+-----
Conjurations   | 2 |  2.4
Spellcasting   | 5 |  5.2
Dodging        | |  2.4
Stealth        | |  2.4
Summonings     | |  1.3
Translocations | |  1.9
Fire Magic     | |  0.2
Air Magic      | |  0.4
Poison Magic   | |  0.4

Action                   || total
-------------------------++-------
Melee: Dagger            ||     2
 Cast: Magic Dart        ||    87
Armor: Robe              ||     6
Dodge: Dodged            ||    16

Table legend: (Time is in decaauts)
 A = Elapsed time spent in this place.
 B = Non-inter-level travel time spent in this place.
 C = Inter-level travel time spent in this place.
 D = Time resting spent in this place.
 E = Time spent auto-exploring this place.
 F = Levels seen in this place.
 G = Mean time per level.
                   A        B        C        D        E       F      G
               +--------+--------+--------+--------+--------+-----+--------+
         Total |   1580 |   1559 |     21 |    263 |   1142 |   2 |  790.0 |
       Dungeon |   1580 |   1559 |     21 |    263 |   1142 |   2 |  790.0 |
               +--------+--------+--------+--------+--------+-----+--------+

Top non-repeatable levels by time:
     D:1: 851 daAuts
     D:2: 729 daAuts
